 Dungeon Crawl Stone Soup version 0.25.1-2-g60ff931df9 (webtiles) character file.

Game seed: 9481032378440107340

3637 Doot the Grappler (level 9, -18/70 HPs)
             Began as a Demigod Transmuter on Sept 14, 2020.
             Demolished by Harold
             ... wielding the +1 hand axe of Experimentation {freeze, MP+9}
              (21 damage)
             ... on level 8 of the Dungeon.
             The game lasted 00:19:23 (11699 turns).

Doot the Grappler (Demigod Transmuter)             Turns: 11699, Time: 00:19:24

Health: -18/70     AC:  2    Str: 19    XL:     9   Next: 57%
Magic:  20/20      EV: 16    Int: 22    God:
Gold:   318        SH:  0    Dex: 21    Spells: 7/18 levels left

rFire    . . .     SeeInvis .     - Unarmed
rCold    . . .     Gourm    .   (shield currently unavailable)
rNeg     . . .     Faith    .   (armour currently unavailable)
rPois    x         Spirit   .   (helmet currently unavailable)
rElec    .         Reflect  .   (cloak currently unavailable)
rCorr    .         Harm     .   (gloves currently unavailable)
MR       .....                  (boots currently unavailable)
Stlth    +++.......             r - amulet of magic regeneration
HPRegen  0.21/turn              y - ring "Kopeenaz" {Wiz Int+5}
MPRegen  0.42/turn              D - +4 ring of evasion (curse)

@: spider-form, held
A: tiny, high mp 1
a: End Transformation


You were on level 8 of the Dungeon.
You were not hungry.
You were a venomous arachnid creature.
You visited 1 branch of the dungeon, and saw 8 of its levels.

You collected 318 gold pieces.

Inventory:

Hand Weapons
 H - a +1 vorpal flail
Missiles
 a - 58 arrows
 s - 14 poisoned darts (quivered)
Armour
 n - a +1 ring mail of cold resistance (melded)
 u - a +0 helmet (melded)
 C - the +6 chain mail of the Shrike {Regen+ Int+4}
   (You found it on level 5 of the Dungeon)

   It affects your intelligence (+4).
   It increases your rate of regeneration.
 G - a +0 pair of gloves (melded)
Jewellery
 r - an amulet of magic regeneration (around neck)
 y - the ring "Kopeenaz" (left front leg) {Wiz Int+5}
   (You took it off an orc priest on level 8 of the Dungeon)

   [ring of wizardry]

   It improves your spell success rate.
   It affects your intelligence (+5).
 z - an uncursed ring of positive energy
 D - a cursed +4 ring of evasion (right front leg)
Wands
 q - a wand of clouds (8)
 t - a wand of iceblast (12)
 w - a wand of flame (22)
 x - a wand of paralysis (8)
Scrolls
 b - a scroll of blinking {unknown}
 g - a scroll of immolation {unknown}
 h - 3 scrolls of remove curse
 l - 2 scrolls of enchant armour {unknown}
 m - 5 scrolls of identify
 o - 3 scrolls of teleportation
 A - 2 scrolls of enchant weapon
 B - 2 scrolls of amnesia {unknown}
 F - 2 scrolls of magic mapping {unknown}
Potions
 c - a potion of flight {unknown}
 e - 3 potions of degeneration {unknown}
 f - 2 potions of resistance {unknown}
 i - 3 potions of curing {unknown}
 j - a potion of haste {unknown}
 k - a potion of might {unknown}
 p - 3 potions of mutation {unknown}
 v - 2 potions of cancellation {unknown}
Comestibles
 d - 6 rations


   Skills:
 + Level 3.2 Fighting
 + Level 0.3 Throwing
 + Level 0.5 Armour
 + Level 5.0 Dodging
 + Level 3.0 Stealth
 + Level 8.0 Unarmed Combat
 + Level 5.2 Spellcasting
 + Level 5.3 Transmutations
 + Level 3.3 Poison Magic


You had 7 spell levels left.
You knew the following spells:

 Your Spells              Type           Power        Failure   Level  Hunger
a - Beastly Appendage     Tmut           ####..       2%          1    None
b - Sticks to Snakes      Tmut           ####....     2%          2    None
c - Spider Form           Tmut/Pois      ###.......   6%          3    ##.....
d - Blade Hands           Tmut           ####......   24%         5    #####..

Your spell library contained the following spells:

 Spells                   Type           Power        Failure   Level  Hunger
 Corona                   Hex            #......      10%         1    None
 Ensorcelled Hibernation  Hex/Ice        #.....       14%         2    None
 Confusing Touch          Hex            #.......     24%         3    ##.....
 Dazzling Flash           Conj/Hex       #.....       24%         3    ##.....
 Tukima's Dance           Hex            #.......     24%         3    ##.....
 Ice Form                 Ice/Tmut       ###.....     26%         4    ####...


Dungeon Overview and Level Annotations

Branches:
Dungeon (8/15)             Temple (0/1) D:5            Lair (0/6) D:8

Shops:
D:4 :

Annotations:
D:6 2 exclusions, Grinder
D:8 Harold


Innate Abilities, Weirdness & Mutations

You have an increased reservoir of magic. (+10% MP)


Message History

The hippogriff pecks you but does no damage.
The hippogriff claws you.
* * * LOW HITPOINT WARNING * * *
Unknown command.
Unknown command.
You struggle against the net.
Harold hits you with the +1 hand axe of Experimentation {freeze, MP+9}.
* * * LOW HITPOINT WARNING * * *
Harold freezes you.
* * * LOW HITPOINT WARNING * * *
The hippogriff misses you. The hippogriff pecks you.
* * * LOW HITPOINT WARNING * * *
The hippogriff claws you.
* * * LOW HITPOINT WARNING * * *
Unknown command.
As you read the scroll labeled YMEBLIOGEM, it crumbles to dust.
It is a scroll of enchant weapon.
Your +0 vorpal flail glows red for a moment.
Harold hits you with the +1 hand axe of Experimentation {freeze, MP+9}!!
You die...

#.#.#######.#.....##
.##.#................#
..........##.#.######.#
.........##.....####.##
.....>...##...#.#.....#
.......<.....##.......#
###.###.%.##......#..(#
##.###@#.......#.#..##
#.....Hs.Y.....#.#.....#
#...................#..#
#.......(####..###.....#
#........# ... .#.##.#
#........# # .... .#
#..(.....# . .#
#####.......## ## ##
######...).......#
............###.#####


You could see Harold, an elephant and a hippogriff (very poisoned).

Vanquished Creatures
  Sigmund (D:3)
  Grum (D:8)
  Menkaure (D:7)
  A water moccasin (D:6)
  A black bear (D:7)
  A sky beast (D:4)
  4 wolves
  An ice beast (D:7)
  3 ogres (D:6)
  3 crocodiles
  2 big kobolds (D:7)
  Blork the orc (D:5)
  6 bullfrogs
  A wyvern skeleton (D:7)
  2 scorpions
  15 killer bees
  A crimson imp (D:7)
  3 hounds
  A bullfrog skeleton (D:6)
  An orc priest (D:8)
  Ijyb (D:3)
  An orc wizard (D:8)
  Natasha (thrice) (D:3)
  An iguana (D:6)
  6 worker ants
  A hound zombie (D:7)
  A howler monkey zombie (D:6)
  Robin (D:3)
  6 adders
  2 shadow imps (D:6)
  An adder skeleton (D:4)
  4 worms
  A dart slug (D:4)
  4 leopard geckos
  12 orcs
  A ball python (D:3)
  3 giant cockroaches
  5 hobgoblins
  6 jackals
  18 kobolds
  4 quokkas
  4 bats
  8 frilled lizards
  16 goblins
  A jackal skeleton (D:5)
  A leopard gecko skeleton (D:4)
  A leopard gecko zombie (D:8)
  A quokka skeleton (D:5)
  8 rats
172 creatures vanquished.

Vanquished Creatures (others)
  A centaur (D:7)
  A big kobold (D:7)
  A hound (D:7)
  A howler monkey zombie (D:7)
  2 adders (D:7)
  6 kobolds (D:7)
12 creatures vanquished.

Grand Total: 184 creatures vanquished

Notes
Turn   | Place    | Note
-------+----------+-------------------------------------------
     0 | D:1      | Doot the Demigod Transmuter began the quest for the Orb.
     0 | D:1      | Reached XP level 1. HP: 15/15 MP: 5/5
   661 | D:1      | Reached XP level 2. HP: 21/22 MP: 5/7
   671 | D:1      | Learned a level 2 spell: Sticks to Snakes
  1294 | D:1      | Reached skill level 1 in Fighting
  1681 | D:2      | Reached skill level 3 in Unarmed Combat
  1782 | D:2      | Found a sacrificial altar of Ru.
  1891 | D:2      | Reached XP level 3. HP: 26/28 MP: 6/8
  1978 | D:2      | Learned a level 3 spell: Spider Form
  2358 | D:2      | Found a blossoming altar of Fedhas.
  2358 | D:2      | Found a glowing golden altar of the Shining One.
  2364 | D:2      | Found an ornate altar of the Wu Jian Council.
  2367 | D:2      | Found an ancient bone altar of Kikubaaqudgha.
  2368 | D:2      | Found a basalt altar of Yredelemnul.
  3141 | D:3      | Noticed Robin
  3156 | D:3      | Killed Robin
  3156 | D:3      | Reached XP level 4. HP: 18/35 MP: 8/10
  3424 | D:3      | Noticed Natasha
  3434 | D:3      | Killed Natasha
  3699 | D:3      | Noticed Ijyb
  3715 | D:3      | Killed Ijyb
  3806 | D:3      | Found a faded altar of an unknown god.
  3863 | D:3      | Noticed Natasha
  3871 | D:3      | Killed Natasha
  3871 | D:3      | Reached XP level 5. HP: 40/40 MP: 6/11
  3895 | D:3      | Found a bloodstained altar of Trog.
  3924 | D:3      | Noticed Sigmund
  3945 | D:3      | Killed Sigmund
  3945 | D:3      | Reached skill level 4 in Unarmed Combat
  3945 | D:3      | Reached skill level 1 in Poison Magic
  3945 | D:3      | Reached XP level 6. HP: 47/47 MP: 11/13
  4398 | D:3      | Noticed Natasha
  4410 | D:3      | Killed Natasha
  4570 | D:3      | Learned a level 5 spell: Blade Hands
  4640 | D:4      | Reached skill level 1 in Stealth
  4881 | D:4      | Found a snail-covered altar of Cheibriados.
  4931 | D:4      | Found a glowing silver altar of Zin.
  5124 | D:4      | Found Pownisk's Book Emporium.
  5246 | D:4      | Found a shimmering blue altar of Sif Muna.
  5436 | D:5      | Entered Level 5 of the Dungeon
  5477 | D:5      | Found a staircase to the Ecumenical Temple.
  5575 | D:5      | Noticed Blork the orc
  5591 | D:5      | Killed Blork the orc
  5591 | D:5      | Reached XP level 7. HP: 39/52 MP: 11/15
  5596 | D:5      | Reached skill level 5 in Unarmed Combat
  6013 | D:5      | Got an ichor-stained chain mail
  6493 | D:6      | Noticed Grinder
  6811 | D:6      | Found a blossoming altar of Fedhas.
  7571 | D:6      | You fall into a shaft and drop 1 floor!
  7587 | D:7      | Reached XP level 8. HP: 38/61 MP: 17/17
  8138 | D:7      | Reached skill level 6 in Unarmed Combat
  8870 | D:7      | Noticed Menkaure
  8882 | D:7      | Killed Menkaure
  9120 | D:7      | Found a burning altar of Makhleb.
  9214 | D:7      | Found a shimmering altar of Xom.
  9473 | D:7      | Found a shadowy altar of Dithmenos.
  9685 | D:7      | Reached skill level 7 in Unarmed Combat
  9980 | D:8      | Reached XP level 9. HP: 59/68 MP: 19/19
 10302 | D:7      | Identified the +6 chain mail of the Shrike {Regen+ Int+4}
                  | (You found it on level 5 of the Dungeon)
 10382 | D:7      | Reached skill level 5 in Transmutations
 10622 | D:8      | Noticed Grum
 10655 | D:8      | Killed Grum
 10655 | D:8      | Reached skill level 5 in Spellcasting
 10907 | D:8      | Identified the ring "Kopeenaz" {Wiz Int+5}
 10947 | D:8      | Noticed an elephant
 11603 | D:8      | Reached skill level 8 in Unarmed Combat
 11609 | D:8      | Found a staircase to the Lair.
 11656 | D:8      | Reached skill level 5 in Dodging
 11687 | D:8      | Identified the +1 hand axe of Experimentation {freeze,
                  | MP+9}
 11687 | D:8      | Noticed Harold
 11698 | D:8      | HP: 3/70 [hippogriff (5)]
 11699 | D:8      | Demolished by Harold

Illustrated notes

Levels and vault maps discovered:
D:1:      lemuel_arrival_hallway, layout_basic, serial_co_window_serial,
          co_window_paths_b, co_window_paths_a, co_window_corner_a,
          co_window_of_opportunity_a, co_window_of_opportunity_a,
          co_window_broadway_a, co_window_cross_3, co_window_paths_c,
          co_window_broadway_b, co_window_unsneaky_path_c, co_window_corner_ca,
          co_window_sun, glass_columns_a, nrook_mini_vaults
D:2:      layout_basic, chequers_temple_overflow_minitemple,
          nicolae_ru_path_of_blood
D:3:      layout_loops_cross, chequers_ecumenical_altar_grove, trog_book,
          uniq_sigmund, uniq_robin, uniq_ijyb, uniq_natasha
D:4:      layout_loops_ring, kennysheep_slug_shrine, zin_statuary,
          old_standard_altar, serial_shops, kennysheep_little_box,
          minmay_fountain_box
D:5:      layout_gridville, minmay_temple_entry_butterflies, first_ration,
          uniq_blork_the_orc
D:6:      layout_basic, basic_altar, uniq_grinder
D:7:      layout_loops_corners, makhleb_heckhound_becter, xom_confusion_cloud,
          grunt_dithmenos_smoke, uniq_menkaure
D:8:      cheibrodos_helix_gallery, layout_basic, ashenzari_altar_1,
          david_lair_generic, serial_shops, kennysheep_mini, kennysheep_nub,
          david_nohive_1, minmay_diamond_spiral, uniq_harold, uniq_grum

Skill      XL: |  1  2  3  4  5  6  7  8  9 |
---------------+----------------------------+-----
Transmutations | 2 3 4 5 |  5.3
Spellcasting   | 2 3 4 5 |  5.2
Fighting       | 1 2 3 |  3.2
Dodging        | 2 3 4 5 |  5.0
Unarmed Combat | 3 4 5 7 8 |  8.0
Poison Magic   | 1 2 3 |  3.3
Stealth        | 1 2 3 |  3.0
Throwing       | |  0.3
Armour         | |  0.5

Action                   |  1- 3 |  4- 6 |  7- 9 || total
-------------------------+-------+-------+-------++-------
Melee: Unarmed           |   175 |   101 |   280 ||   556
       Headbutt          |     9 |     1 |       ||    10
       Kick              |    14 |     5 |    14 ||    33
       Punch             |     1 |       |     3 ||     4
Throw: Dart              |       |     2 |     2 ||     4
 Cast: Beastly Appendage |    30 |     6 |    13 ||    49
       Spider Form       |     4 |    16 |    32 ||    52
       Sticks to Snakes  |       |       |     1 ||     1
       Blade Hands       |       |       |     2 ||     2
  Use: Scroll            |       |     2 |     2 ||     4
 Stab: Sleeping          |     4 |     2 |     1 ||     7
  Eat: Chunk             |     8 |     9 |    15 ||    32
       Ration            |       |       |     3 ||     3
Armor: Robe              |    18 |     4 |     8 ||    30
       Skin              |     4 |     2 |    10 ||    16
       Ring mail         |       |       |     1 ||     1
Dodge: Dodged            |   114 |    93 |   300 ||   507
